 Dungeon Crawl Stone Soup version 0.28.0-53-g5a82cb258f (webtiles) character file.

Game seed: 18314725109685281788

415 Ashen the Chiller (level 6, 0/46 HPs)
             Began as a Demonspawn Ice Elementalist on July 25, 2022.
             Succumbed to a scorpion's poison
             ... on level 4 of the Dungeon.
             The game lasted 00:09:55 (3616 turns).

Ashen the Chiller (Demonspawn Ice Elementalist)     Turns: 3616, Time: 00:09:55

Health: 0/46       AC:  5    Str: 14    XL:     6   Next: 60%
Magic:  5/10       EV: 12    Int: 19    God:
Gold:   158        SH:  0    Dex: 13    Spells: 4/11 levels left

rFire   . . .      SeeInvis .   o - +4 mace
rCold   . . .      Faith    .   (no shield)
rNeg    . . .      Spirit   .   m - +0 leather armour
rPois   .          Reflect  .   (no helmet)
rElec   .          Harm     .   (no cloak)
rCorr   .          Rampage  .   (no gloves)
Will    .....                   (no boots)
Stlth   ++........              (no amulet)
HPRegen 0.15/turn               a - +6 ring of strength
MPRegen 0.12/turn               (no ring)

@: lethally poisoned (0 -> -2), hasted, very quick
A: molten scales 1, powered by pain 1
a: no special abilities


You were on level 4 of the Dungeon.
You visited 1 branch of the dungeon, and saw 4 of its levels.

You collected 158 gold pieces.

Inventory:

Hand Weapons
 o - a +4 mace (weapon)
Armour
 m - a +0 leather armour (worn)
Jewellery
 a - a +6 ring of strength (left hand)
Wands
 k - a wand of acid (4)
Scrolls
 e - a scroll of amnesia {unknown}
 g - a scroll of enchant armour {unknown}
 i - a scroll of magic mapping {unknown}
Potions
 b - a potion of invisibility
 f - a potion of magic
 j - a potion of brilliance
 l - a potion of might


   Skills:
 + Level 2.7 Fighting
 + Level 3.2 Dodging
 + Level 3.5 Stealth
 + Level 3.3 Spellcasting
 + Level 4.5 Ice Magic


You had 4 spell levels left.
You knew the following spells:

 Your Spells              Type           Power      Damage    Failure   Level
a - Freeze                Ice            80%        1d9       3%          1
b - Frozen Ramparts       Ice            40%        1d6       9%          3
c - Ozocubu's Armour      Ice            20%        N/A       9%          3

Your spell library contained the following spells:

 Spells                   Type           Power      Damage    Failure   Level
 Shock                    Conj/Air       12%        1d3       19%         1
 Swiftness                Air            3%         N/A       50%         3
 Hailstorm                Conj/Ice       11%        3d5       58%         4
 Airstrike                Air            1%         N/A       88%         4


Dungeon Overview and Level Annotations

Branches:
Dungeon (4/15)
 Temple: D:4-7

Altars:
The Shining One

Shops:
D:3 (


Innate Abilities, Weirdness & Mutations

You are partially covered in molten scales. (AC +2)
You sometimes gain a little power by taking damage.


Message History

You freeze the scorpion.
You kill the scorpion!
You feel very sick.
There is a lethal amount of poison in your body!
As you read the scroll labelled TEZONU VIUNNO, it crumbles to dust.
It is a scroll of identify.
f - a potion of magic
* * * LOW HITPOINT WARNING * * *
You feel very sick.
As you read the scroll of identify, it crumbles to dust.
b - a potion of invisibility
* * * LOW HITPOINT WARNING * * *
You feel very sick.
Okay, then.
As you read the scroll of identify, it crumbles to dust.
l - a potion of might
* * * LOW HITPOINT WARNING * * *
You feel sick.
Okay, then.
It was a potion of haste.
You feel yourself speed up.
* * * LOW HITPOINT WARNING * * *
You feel sick.
Okay, then.
Okay, then.
As you read the scroll labelled LELOOGA GAVOP, it crumbles to dust.
You feel strangely unstable.
It was a scroll of teleportation.
* * * LOW HITPOINT WARNING * * *
You feel sick.
* * * LOW HITPOINT WARNING * * *
You feel sick.
* * * LOW HITPOINT WARNING * * *
You feel sick.
Your surroundings suddenly seem different.
Found five items.
* * * LOW HITPOINT WARNING * * *
You feel sick.
A hobgoblin comes into view.
* * * LOW HITPOINT WARNING * * *
You feel sick.
You die...

#...........#
#.........?.#
#...$.......#
#...........#
#...........#
#...........#
#...........#
#....@......#
#.....)(....#
#...........#
#...........#
#?..........#
##.##########
#. #. #.


There were no monsters in sight!

Vanquished Creatures
  A scorpion (D:4)
  3 wights (D:4)
  Jessica (D:2)
  11 gnolls
  3 adders
  A worm (D:2)
  5 dart slugs
  5 ball pythons
  7 bats
  5 endoplasms
  3 giant cockroaches
  8 goblins
  A hobgoblin (D:1)
  2 jackals (D:3)
  4 quokkas
  3 frilled lizards
  7 kobolds
  A quokka skeleton (D:4)
  3 rats
74 creatures vanquished.

Notes
Turn   | Place    | Note
-------+----------+-------------------------------------------
     0 | D:1      | Ashen the Demonspawn Ice Elementalist began the quest for
                  | the Orb.
     0 | D:1      | Reached XP level 1. HP: 13/13 MP: 3/3
   322 | D:1      | Gained mutation: You are partially covered in molten
                  | scales. (AC +2) [demonic ancestry]
   322 | D:1      | Reached XP level 2. HP: 20/20 MP: 1/5
   840 | D:1      | Reached skill level 1 in Fighting
   943 | D:1      | Reached XP level 3. HP: 25/26 MP: 4/6
  1187 | D:2      | Learned a level 3 spell: Frozen Ramparts
  1360 | D:2      | You fall into a shaft and drop 1 floor!
  1533 | D:3      | Reached skill level 4 in Ice Magic
  1533 | D:3      | Reached XP level 4. HP: 31/32 MP: 1/7
  1949 | D:3      | Found Xues's Weapon Boutique.
  2273 | D:2      | Gained mutation: You sometimes gain a little power by
                  | taking damage. [demonic ancestry]
  2273 | D:2      | Reached XP level 5. HP: 21/38 MP: 1/9
  2439 | D:2      | Learned a level 3 spell: Ozocubu's Armour
  2645 | D:2      | Found a faded altar of an unknown god.
  2745 | D:2      | Noticed Jessica
  2763 | D:2      | Killed Jessica
  3462 | D:4      | Reached XP level 6. HP: 45/46 MP: 10/10
  3612 | D:4      | HP: 2/46 [poisoned by a scorpion]
  3616 | D:4      | Succumbed to a scorpion's poison

Illustrated notes

Levels and vault maps discovered:
D:1:      ncdulo_lavacross, layout_rooms, minmay_misc_feat_more_columns,
          minmay_tromino_v7
D:2:      layout_basic, basic_ecumenical_altar, uniq_jessica
D:3:      layout_loops_ring, serial_shops, nicolae_shop_bloodbath_and_beyond
D:4:      layout_basic, lemuel_round_altar

Skill      XL: |  1  2  3  4  5 |
---------------+----------------+-----
Stealth        | 2 3 |  3.5
Dodging        | 2 3 |  3.2
Fighting       | 1 2 |  2.7
Ice Magic      | 4 |  4.5
Spellcasting   | 3 |  3.3

Action                   |  1- 3 |  4- 6 || total
-------------------------+-------+-------++-------
Melee: Unarmed           |    24 |       ||    24
       Punch             |     1 |       ||     1
       Short sword       |    27 |     2 ||    29
       Flail             |       |    49 ||    49
 Cast: Freeze            |    41 |    27 ||    68
       Frozen Ramparts   |     1 |     5 ||     6
       Ozocubu's Armour  |       |     2 ||     2
Evoke: Wand              |       |     3 ||     3
  Use: Scroll            |       |     4 ||     4
       Potion            |       |     1 ||     1
 Stab: Distracted        |     1 |       ||     1
       Sleeping          |     2 |     6 ||     8
Armor: Robe              |    25 |    11 ||    36
       Leather armour    |       |     4 ||     4
Dodge: Dodged            |    55 |    49 ||   104
